 Dungeon Crawl Stone Soup version 0.30.1-3-gfc49f6343a (webtiles) character file.

Game seed: 14695787381117032605

6475 H0rd4k the Covert (level 11, 0/69 HPs)
             Began as an Octopode Artificer on July 18, 2023.
             Was an Initiate of Gozag.
             Slain by a killer bee (8 damage)
             ... on level 9 of the Dungeon.
             The game lasted 00:11:59 (8117 turns).

H0rd4k the Covert (Octopode Artificer)              Turns: 8117, Time: 00:12:00

Health: 0/69       AC:  5    Str: 12    XL:     11   Next: 0%
Magic:  16/16      EV: 16    Int: 19    God:    Gozag
Gold:   663        SH:  0    Dex: 13    Spells: 16/16 levels left

rFire   + .          .
                       - Unarmed
rCold   + . .        (no shield)
rNeg    + . .        (helmet restricted)
rPois   +            o - amulet "Ehienos" {RegenMP rF+ Slay+3}
rElec   .            l - ring of positive energy
rCorr   .            h - ring of Law {*Slow rPois rC+ AC+4 Int+2}
SInv    .            E - ring of flight
Will    .....        (no ring)
Stlth   ++++++       (no ring)
HPRegen 0.31/turn    (no ring)
MPRegen 0.55/turn    (no ring)
                     (no ring)

%: slow self (1%)
@: on berserk cooldown, flying
A: almost no armour, amphibious, 8 rings, camouflage 1, gelatinous body 1,
(nimble swimmer 1), tentacles
a: Renounce Religion, Potion Petition, Call Merchant, Bribe Branch


You were on level 9 of the Dungeon.
You worshipped Gozag.
Gozag was pleased with you.
You visited 2 branches of the dungeon, and saw 11 of its levels.
You also visited: Ossuary.

You collected 822 gold pieces.
You paid 159 gold pieces to Gozag.

Inventory:

Armour
 f - an orb of guile
Jewellery
 h - the ring of Law (right tentacle) {*Slow rPois rC+ AC+4 Int+2}
   (You acquired it on level 5 of the Dungeon)

   [ring of protection]

   AC:        It affects your AC (+4).
   Int:       It affects your intelligence (+2).
   rC:        It protects you from cold.
   rPois:     It protects you from poison.
   *Slow:     It may slow you when you take damage.
 l - a ring of positive energy (left tentacle)
 o - the amulet "Ehienos" (around mantle) {RegenMP rF+ Slay+3}
   (You acquired it on level 5 of the Dungeon)

   [amulet of magic regeneration]

   It increases your rate of magic regeneration.
   Slay:      It affects your accuracy & damage with ranged weapons and melee
   (+3).
   rF:        It protects you from fire.
 v - an amulet of regeneration
 E - a ring of flight (on tentacle)
Wands
 d - a wand of iceblast (1) (quivered)
 m - a wand of polymorph (21)
 y - a wand of light (5)
 F - a wand of mindburst (13)
 I - a wand of flame (8)
Scrolls
 a - a scroll of magic mapping
 b - a scroll of enchant armour
 e - a scroll of fog {unknown}
 g - a scroll of identify
 j - a scroll of vulnerability
 n - a scroll of silence
 w - 4 scrolls of amnesia
 x - 3 scrolls of poison
 C - 2 scrolls of torment
Potions
 i - 2 potions of attraction
 p - 3 potions of brilliance
 A - 2 potions of magic
 B - 4 potions of flight
 G - a potion of lignification


   Skills:
 - Level 4.0 Fighting
 + Level 7.6 Dodging
 + Level 11.4 Stealth
 - Level 9.7 Unarmed Combat
 * Level 3.4 Spellcasting
 + Level 6.2 Evocations


You had 16 spell levels left.
You didn't know any spells.
Your spell library contained the following spells:

 Spells                   Type           Power      Damage    Failure   Level
 Magic Dart               Conj           12%        1d3       14%         1
 Blink                    Tloc           6%         N/A       22%         2
 Call Imp                 Summ           6%         N/A       22%         2
 Lesser Beckoning         Tloc           6%         N/A       22%         2
 Momentum Strike          Conj/Tloc      6%         3d8       22%         2
 Sublimation of Blood     Necr           3%         N/A       22%         2
 Wereblood                Tmut           3%         N/A       22%         2
 Frozen Ramparts          Ice            6%         1d1       41%         3
 Mephitic Cloud           Conj/Pois/Air  3%         N/A       41%         3
 Ice Form                 Ice/Tmut       3%         N/A       82%         4
 Summon Ice Beast         Ice/Summ       3%         N/A       82%         4
 Borgnjor's Vile Clutch   Necr/Erth      1%         N/A       99%         5
 Fireball                 Conj/Fire      1%         3d3       99%         5
 Iskenderun's Battlesphe  Conj           3%         2d6       99%         5
 Conjure Ball Lightning   Conj/Air       1%         3x3d6     100%        6
 Death Channel            Necr           1%         N/A       100%        6
 Orb of Destruction       Conj           1%         9d5       100%        7
 Summon Hydra             Summ           1%         N/A       100%        7
 Animate Dead             Necr           Unusable   N/A       N/A         4

Dungeon Overview and Level Annotations

Branches:
Dungeon (10/15)            Temple (1/1) D:7         Ossuary (visited)
   Lair: D:8-11         Orc: D:9-12

Altars:
Ashenzari
Cheibriados
Dithmenos
Elyvilon
Gozag
Hepliaklqana
Kikubaaqudgha
Nemelex Xobeh
Okawaru
Qazlal
Ru
Sif Muna
Trog
Uskayaw
Vehumet
Wu Jian
Xom
Yredelemnul
Zin
The Shining One

Shops:
D:2 (

Annotations:
D:5 1 runed translucent door, exclusion: door, Crazy Yiuf, Duvessa
D:8 exclusion: manticore
D:10 Harold


Innate Abilities, Weirdness & Mutations

You cannot wear most types of armour.
You are amphibious.
You can wear up to eight rings at the same time.
Your skin changes colour to match your surroundings (Stealth+).
Your rubbery body absorbs attacks. (AC +1, EV +1)
((You are camouflaged when in or above water. (Stealth+)))
You have tentacles for arms and can constrict up to eight enemies at once.


Message History

A killer bee comes into view.
A killer bee comes into view.
You see here a +0 ring mail.
The killer bee buzzes angrily. x2
You tentacle-slap the killer bee. Your grab misses the killer bee.
The killer bee is lightly wounded.
The killer bee completely misses you. The killer bee stings you!
You are poisoned.
The killer bee poisons you!
You miss the killer bee.
The killer bee buzzes angrily.
Your grab misses the killer bee.
The killer bee is lightly wounded.
You feel very sick. The killer bee misses you.
Okay, then.
As you read the scroll of fear, it crumbles to dust.
You assume a fearsome visage.
The yak looks frightened!
The killer bee looks frightened! x4; You feel sick.
You feel sick.
You feel sick.
The killer bee buzzes angrily.
You feel sick.
Cornered, the killer bee turns to fight!
You feel sick. The killer bee closely misses you. x2
You feel sick. The killer bee misses you. The killer bee stings you.
* * * LOW HITPOINT WARNING * * *
The killer bee stings you!
* * * LOW HITPOINT WARNING * * *
Unknown command.
You barely miss the killer bee.
Your attack snaps the killer bee out of its fear.
You grab the killer bee. You tentacle-slap the killer bee.
The killer bee is lightly wounded.
You constrict the killer bee.
You feel sick.
You are no longer poisoned.
The killer bee barely misses you. The killer bee completely misses you.
The killer bee stings you!
You die...
Your body crumbles into a pile of gold.

#. ..# # #. ..# #
..##.#### .## .Y.#...
u....##Y####
....Y...Y.##
##################..>
.###..........##########
......y@.......#.....$..
###....y...[......Y....$
#..............#######
##..≈.......####
##....#...## #.y.######
#...# #.≈.# #.


You could see 3 killer bees.

Vanquished Creatures
  Erolcha (D:9)
  Pikel (D:4)
  Prince Ribbit (D:7)
  A shadow (D:9)
  A wyvern (D:8)
  A steam dragon (D:8)
  Edmund (D:4)
  2 water moccasins
  An orc warrior (D:9)
  A black bear (D:5)
  3 sky beasts
  An ogre (D:7)
  A centaur (D:9)
  3 kobold brigands
  3 elf zombies (Ossuary)
  2 bullfrogs (D:7)
  A gnoll sergeant (D:7)
  3 scorpions
  5 wights (D:7)
  14 killer bees
  3 orc priests
  7 hounds
  A jelly (D:5)
  3 iguanas
  4 orc wizards
  A hound zombie (Ossuary)
  4 mummies (Ossuary)
  3 adders
  12 gnolls
  An ufetubus (D:5)
  An adder zombie (Ossuary)
  2 worms
  17 orcs
  6 ball pythons
  3 endoplasms
  5 giant cockroaches
  11 goblins
  4 hobgoblins
  11 jackals (D:1)
  5 quokkas
  6 bats
  5 frilled lizards
  A hobgoblin zombie (Ossuary)
  2 jackal zombies (Ossuary)
  17 kobolds
  2 kobold zombies (Ossuary)
  A quokka zombie (D:4)
  8 rats
  2 rat zombies (Ossuary)
195 creatures vanquished.

Vanquished Creatures (collateral kills)
  A hydra (D:9)
  4 yaks (D:9)
  A bullfrog (D:7)
  A killer bee (D:7)
  A jelly (D:5)
  A gnoll bouda (D:4)
  An orc wizard (D:7)
  2 adders (D:4)
  A dart slug (D:4)
  An endoplasm (D:4)
  A quokka (D:5)
  A kobold (D:4)
16 creatures vanquished.

Vanquished Creatures (others)
  A water moccasin (D:4)
  An orc warrior (D:7)
  A killer bee (D:7)
  An adder (D:4)
4 creatures vanquished.

Grand Total: 215 creatures vanquished

Notes
Turn   | Place    | Note
-------+----------+-------------------------------------------
     0 | D:1      | H0rd4k the Octopode Artificer began the quest for the Orb.
     0 | D:1      | Reached XP level 1. HP: 13/13 MP: 1/1
    49 | D:1      | Found a faded altar of an unknown god.
    50 | D:1      | Noticed an eye of devastation
    52 | D:1      | Noticed a floating eye
    52 | D:1      | Noticed an eye of devastation
    52 | D:1      | Noticed a great orb of eyes
    99 | D:1      | Reached XP level 2. HP: 6/18 MP: 2/2
   454 | D:1      | Reached XP level 3. HP: 22/23 MP: 3/3
   960 | D:2      | Found Badaof's Weapon Shop.
   960 | D:2      | Noticed a +0 triple crossbow
   963 | D:2      | Noticed a +0 triple crossbow
  1088 | D:2      | Reached skill level 2 in Stealth
  1148 | D:2      | Reached skill level 1 in Unarmed Combat
  1824 | D:3      | Reached XP level 4. HP: 28/28 MP: 4/4
  1941 | D:3      | Reached skill level 3 in Stealth
  2373 | D:3      | Found a shimmering blue altar of Sif Muna.
  2642 | D:3      | Reached XP level 5. HP: 28/33 MP: 5/5
  2873 | D:4      | Reached skill level 4 in Stealth
  2973 | D:4      | Reached skill level 5 in Stealth
  2973 | D:4      | Reached XP level 6. HP: 28/38 MP: 6/6
  3052 | D:4      | Noticed Pikel
  3075 | D:4      | Noticed a water moccasin
  3143 | D:4      | Noticed Edmund
  3203 | D:4      | Killed Edmund
  3241 | D:4      | Found a sand-covered staircase.
  3267 | Ossuary  | Entered an ossuary
  3282 | Ossuary  | Reached skill level 6 in Stealth
  3320 | Ossuary  | Reached XP level 7. HP: 20/43 MP: 7/7
  3824 | D:4      | Killed Pikel
  3825 | D:4      | Reached skill level 5 in Unarmed Combat
  3825 | D:4      | Reached XP level 8. HP: 44/51 MP: 8/8
  3994 | D:5      | Entered Level 5 of the Dungeon
  4048 | D:5      | Noticed Duvessa
  4066 | D:5      | Reached skill level 5 in Evocations
  4084 | D:5      | Reached skill level 7 in Stealth
  4354 | D:5      | Reached skill level 5 in Dodging
  4653 | D:5      | Found a bloodstained altar of Trog.
  4657 | D:5      | Reached XP level 9. HP: 55/55 MP: 9/9
  4690 | D:5      | Found a glowing golden altar of the Shining One.
  4734 | D:5      | Found a runed translucent door.
  4735 | D:5      | Noticed Crazy Yiuf
  5073 | D:5      | Identified 2 scrolls of acquirement
  5073 | D:5      | Acquired the ring of Law {*Slow rPois rC+ AC+4 Int+2}
  5076 | D:5      | Acquired the amulet "Ehienos" {RegenMP rF+ Slay+3}
  5342 | D:7      | Reached skill level 8 in Stealth
  5938 | D:7      | Found a staircase to the Ecumenical Temple.
  5957 | D:7      | Noticed Prince Ribbit
  5965 | Temple   | Entered the Ecumenical Temple
  5978 | Temple   | Became a worshipper of Gozag Ym Sagoz the Greedy
  6067 | D:7      | Killed Prince Ribbit
  6400 | D:7      | Reached skill level 9 in Stealth
  6400 | D:7      | Reached XP level 10. HP: 46/63 MP: 10/10
  7171 | D:8      | Noticed a manticore
  7197 | D:8      | Found an ornate altar of the Wu Jian Council.
  7639 | D:9      | Noticed Erolcha
  7654 | D:9      | Killed Erolcha
  7655 | D:9      | Reached skill level 1 in Spellcasting
  7693 | D:9      | Reached skill level 10 in Stealth
  8054 | D:9      | Noticed a four-headed hydra
  8059 | D:9      | Noticed a red ugly thing
  8065 | D:10     | Entered Level 10 of the Dungeon
  8065 | D:10     | Noticed Harold
  8065 | D:10     | Noticed a gargoyle
  8069 | D:9      | HP: 1/63 [yak (12)]
  8090 | D:9      | Killed a five-headed hydra
  8091 | D:9      | Reached skill level 11 in Stealth
  8098 | D:9      | Reached XP level 11. HP: 30/69 MP: 14/16
  8105 | D:9      | Found a shimmering altar of Xom.
  8117 | D:9      | Slain by a killer bee

Illustrated notes

Levels and vault maps discovered:
D:1:      dpeg_arrival_brainrot, layout_loops_ring,
          hellmonk_ecumenical_altar_watching_god, chequers_serial_rivers_micro_e
D:2:      layout_basic, serial_shops, nicolae_shop_mannequins,
          minmay_rat_gold_closets
D:3:      layout_basic, led_sif_pool, minivault_25
D:4:      kennysheep_the_goblin_king, layout_basic, enter_ossuary_4,
          uniq_edmund, uniq_pikel
D:5:      layout_basic, amethyst_overflow_temple_binary,
          kennysheep_cross_bottleneck, uniq_duvessa, uniq_crazy_yiuf_cottage
D:6:      nicolae_cairo_tiling_large_dashed, layout_rooms, uniq_sigmund,
          uniq_grinder
D:7:      layout_basic, minmay_temple_entry_tees, uniq_prince_ribbit1
D:8:      layout_basic, nzn_wu_jian_council_hall
D:9:      minmay_tri_box, layout_rooms, lightli_temple_of_fire,
          mainiacjoe_overflow_tiny_flanked, eino_jars, uniq_erolcha
D:10:     layout_long_grid, fedhas_altar_1, david_lair_generic,
          gammafunk_ghost_berserking_beasts, laboratory, uniq_harold
Temple:   minmay_freezing_vapour_temple

Skill      XL: |  1  2  3  4  5  6  7  8  9 10 |
---------------+-------------------------------+-----
Dodging        | 3 4 5 6 7 |  7.6
Stealth        | 2 3 5 6 7 9 11 | 11.4
Unarmed Combat | 1 2 3 5 6 9 |  9.7
Evocations     | 4 5 6 |  6.2
Fighting       | 2 3 4 |  4.0
Spellcasting   | 3 |  3.4

Action                     |  1- 3 |  4- 6 |  7- 9 | 10-12 || total
---------------------------+-------+-------+-------+-------++-------
  Melee: Unarmed           |   135 |    86 |   227 |   112 ||   560
         Constrict         |    35 |    24 |    53 |    13 ||   125
         Tentacles         |    25 |    25 |    62 |    20 ||   132
         Punch             |     1 |     2 |    18 |    12 ||    33
  Evoke: Wand              |       |     9 |    29 |     2 ||    40
    Use: Scroll            |       |       |    12 |     6 ||    18
         Potion            |       |       |       |     9 ||     9
   Stab: Sleeping          |    16 |     6 |     9 |     8 ||    39
         Distracted        |       |     1 |       |     2 ||     3
 Armour: Skin              |    17 |     9 |    21 |    16 ||    63
  Dodge: Dodged            |    92 |    65 |   131 |    85 ||   373
